 Dungeon Crawl Stone Soup version 0.22.1-6-g1668fe2 (webtiles) character file.

51 Gingerlord the Skirmisher (level 3, -2/31 HPs)
             Began as a Draconian Skald on Jan 26, 2019.
             Slain by an orc
             ... wielding a +0 flail
              (7 damage)
             ... on level 3 of the Dungeon.
             The game lasted 00:01:22 (1105 turns).

Gingerlord the Skirmisher (Draconian Skald)         Turns: 1105, Time: 00:01:23

Health: -2/31      AC:  5    Str: 13    XL:     3   Next: 58%
Magic:  0/6        EV: 13    Int: 13    God:
Gold:   83         SH:  0    Dex: 11    Spells: 5/6 levels left

rFire    . . .     SeeInvis .   a - +0 falchion
rCold    . . .     Gourm    .   (no shield)
rNeg     . . .     Faith    .   (armour unavailable)
rPois    .         Spirit   +   (helmet restricted)
rElec    .         Reflect  .   (no cloak)
rCorr    .         Harm     .   (no gloves)
MR       .....                  (no boots)
Stlth    +.........             b - amulet of guardian spirit
HPRegen  0.10/turn              (no ring)
MPRegen  0.10/turn              (no ring)

@: no status effects
A: unfitting armour, cold-blooded, AC +5
a: no special abilities


You were on level 3 of the Dungeon.
You were hungry.

You visited 1 branch of the dungeon, and saw 3 of its levels.

You collected 83 gold pieces.

Inventory:

Hand Weapons
 a - a +0 falchion (weapon)
Jewellery
 b - an amulet of guardian spirit (around neck)
Scrolls
 g - 4 scrolls of immolation {unknown}
 i - a scroll of remove curse {unknown}
 j - 2 scrolls of teleportation {unknown}
 k - a scroll of identify {unknown}
 l - a scroll of enchant weapon {unknown}
 m - 2 scrolls of enchant armour {unknown}
 o - a scroll of amnesia {unknown}
 p - a scroll of random uselessness {unknown}
Potions
 d - a potion of lignification {unknown}
 e - 4 potions of curing {unknown}
 f - a potion of degeneration {unknown}
 h - a potion of invisibility {unknown}
 n - a potion of agility {unknown}
 q - a potion of flight {unknown}
 r - a potion of heal wounds {unknown}
 s - a potion of haste {unknown}
Comestibles
 c - 6 rations


   Skills:
 + Level 3.1 Fighting
 + Level 2.8 Long Blades
 + Level 2.8 Dodging
 - Level 2.0 Spellcasting
 - Level 2.6 Charms


You had 5 spell levels left.
You knew the following spells:

 Your Spells              Type           Power        Failure   Level  Hunger
a - Infusion              Chrm           #...         9%          1    ##.....

Your spell library contained the following spells:

 Spells                   Type           Power        Failure   Level  Hunger
 Song of Slaying          Chrm           #.......     13%         2    ###....
 Shroud of Golubria       Chrm/Tloc      #.........   22%         2    ###....
 Regeneration             Chrm/Necr      #.........   41%         3    ####...
 Spectral Weapon          Hex/Chrm       #.......     41%         3    ####...


Dungeon Overview and Level Annotations

Branches:
Dungeon (3/15)

Altars:


Innate Abilities, Weirdness & Mutations

Your plain brown scales are hard. (AC +5)
You cannot fit into any form of body armour.
You are cold-blooded and may be slowed by cold attacks.


Message History

You barely miss the orc.
The orc is heavily wounded.
The orc hits you.
You barely miss the orc.
The orc is heavily wounded.
The orc hits you but does no damage.
You barely miss the orc. You tail-slap the orc.
The orc is severely wounded.
The orc barely misses you.
You hit the orc.
You kill the orc!
The orc throws a tomahawk.
The tomahawk hits you.
* * * LOW HITPOINT WARNING * * *
The orc throws a tomahawk.
The tomahawk hits you.
* * * LOW HITPOINT WARNING * * *
The orc hits you with a flail.
* * * LOW HITPOINT WARNING * * *
Items here: )) [ ††† You barely miss the orc.
The orc hits you with a flail!
You die...

#########
#........ #(#
####@# ##...o#
######.<.######
............!..#
#.###...[.####.#
...$....o..
#.###.#.#.o..o.
.......###.
#.#####.#


You could see an orc.

Vanquished Creatures
  An adder (D:2)
  An ooze (D:2)
  A dart slug (D:1)
  3 orcs (D:3)
  2 ball pythons
  2 giant cockroaches
  2 goblins (D:1)
  6 hobgoblins
  2 jackals
  3 kobolds
  4 bats
  4 rats
31 creatures vanquished.

Notes
Turn   | Place    | Note
-------+----------+-------------------------------------------
     0 | D:1      | Gingerlord the Draconian Skald began the quest for the Orb.
     0 | D:1      | Reached XP level 1. HP: 17/17 MP: 3/3
   157 | D:1      | Reached XP level 2. HP: 24/25 MP: 5/5
   652 | D:2      | Reached XP level 3. HP: 24/30 MP: 4/6
   899 | D:2      | Reached skill level 3 in Fighting
  1105 | D:3      | Slain by an orc

Skill      XL: |  1  2  3 |
---------------+----------+-----
Fighting       | 3 |  3.1
Long Blades    | |  2.8
Dodging        | |  2.8
Spellcasting   | |  2.0
Charms         | |  2.6

Action                   || total
-------------------------++-------
Melee: Falchion          ||    76
       Tailslap          ||     6
 Stab: Sleeping          ||     1
Armor: Skin              ||    20
Dodge: Dodged            ||    44
       Rpst.: Falchion   ||    13
